 Dungeon Crawl Stone Soup version 0.30.1-11-g7821555f0a (webtiles) character file.

Game seed: 8134259554434270574

210 Nonny the Slasher (level 5, -2/48 HPs)
             Began as a Minotaur Cinder Acolyte on Oct 30, 2023.
             Was a High Priest of Ignis.
             Slain by a jelly (3 damage)
             ... on level 3 of the Dungeon.
             The game lasted 00:04:34 (1130 turns).

Nonny the Slasher (Minotaur Cinder Acolyte)         Turns: 1130, Time: 00:04:35

Health: -2/48      AC:  1    Str: 18    XL:     5   Next: 57%
Magic:  5/5        EV:  9    Int: 11    God:    Ignis [*****.]
Gold:   143        SH:  0    Dex:  8    Spells: 6/6 levels left

rFire   + . .        a - -1 falchion (freeze)
rCold   + . .        (no shield)
rNeg    . . .        c - +0 scale mail
rPois   .            (helmet restricted)
rElec   .            (no cloak)
rCorr   .            (no gloves)
SInv    .            (no boots)
Will    .....        (no amulet) Stlth
                     b - ring of protection from cold
HPRegen 0.28/turn    (no ring)
MPRegen 0.09/turn

%: no passive effects
@: corroded, fiery-armoured
A: horns 2, retaliatory headbutt
a: Renounce Religion, Fiery Armour, Foxfire Swarm, Rising Flame


You were on level 3 of the Dungeon.
You worshipped Ignis.
Ignis was extremely pleased with you.
You visited 1 branch of the dungeon, and saw 4 of its levels.
You also visited: Sewer.

You collected 143 gold pieces.

Inventory:

Hand Weapons
 a - a -1 falchion of freezing (weapon)
Missiles
 e - 2 throwing nets
 g - 6 javelins
 h - 5 boomerangs (quivered)
Armour
 c - a +0 scale mail (worn)
Jewellery
 b - a ring of protection from cold (left hand)
Scrolls
 i - a scroll of brand weapon
 k - a scroll of fog {unknown}
Potions
 d - 2 potions of invisibility
 f - a potion of cancellation


   Skills:
 + Level 5.2 Fighting
 + Level 5.8 Long Blades
 + Level 0.1 Throwing
 + Level 2.8 Armour
 - Level 1.0 Spellcasting
 - Level 2.1 Fire Magic


You had 6 spell levels left.
You didn't know any spells.
Your spell library contained the following spells:

 Spells                   Type           Power      Damage    Failure   Level
 Scorch                   Fire           10%        2d5       52%         2
 Sublimation of Blood     Necr           0%         N/A       83%         2
 Petrify                  Tmut/Erth      0%         N/A       100%        4
 Irradiate                Conj/Tmut      0%         3d11      100%        5


Dungeon Overview and Level Annotations

Branches:
Dungeon (4/15)              Sewer (visited)
 Temple: D:4-7

Altars:
Hepliaklqana
Makhleb
Xom
Zin

Annotations:
D:4 Eustachio


Innate Abilities, Weirdness & Mutations

You have a pair of horns on your head.
You reflexively headbutt those who attack you in melee.


Message History

The jelly is lightly wounded.
The jelly hits you. The acid corrodes you!
You are splashed with acid!
You hit the jelly but do no damage.
Your hands burn!
The jelly is lightly wounded.
The jelly barely misses you.
You hit the jelly but do no damage.
Your hands burn!
The jelly is lightly wounded.
The angel recites the Axioms of Law.
The jelly hits you. The acid corrodes you!
You are splashed with acid!
You hit the jelly but do no damage.
Your hands burn!
You headbutt the jelly, but do no damage.
The jelly is lightly wounded.
The jelly hits you. The acid corrodes you!
You are splashed with acid!
* * * LOW HITPOINT WARNING * * *
Unknown command.
As you read the scroll labelled DULONO HYOFEBIDAR, it crumbles to dust.
It is a scroll of amnesia.
You feel forgetful for a moment. The jelly barely misses you.
A protective cloak of flame settles atop you.
The jelly hits you.
* * * LOW HITPOINT WARNING * * *
You are splashed with acid!
* * * LOW HITPOINT WARNING * * *
The jelly is burned by your cloak of flames.
The jelly is heavily wounded.
The jelly attacks as you move away! The jelly hits you but does no damage.
The jelly is burned by your cloak of flames.
The jelly is almost dead.
Things that are here:
a +0 whip; 2 stones; a kobold corpse The jelly attacks as you move away!
The jelly barely misses you. You furiously retaliate!
You headbutt the jelly, but do no damage.
There is an open door here.
The jelly attacks as you move away! The jelly barely misses you.
You hit the jelly but do no damage.
Your hands burn!
* * * LOW HITPOINT WARNING * * *
The jelly is almost dead.
The jelly hits you.
You die...

#~##.# #~##.# ######## ###
#~##.######......# #1#
#~#.......#......# ######
#.#.).....#......# ###.._.# ##
#~#.......#.†....####..#...#..##
####.......#......##..).+...'...#
#..........#......##.#..#...#....
#..........'....@J'...###._.# #..
###'########......##### ##### #
#.# #......# #A#
#.############### ###
###>........ #.........##
'........... #...........
#.........#.


You could see a jelly.

Vanquished Creatures
  Pargi (Sewer)
  A howler monkey (D:4)
  Natasha (D:4)
  2 adders
  A worm (D:4)
  A dart slug (D:2)
  An orc (D:3)
  2 bats
  2 endoplasms (D:4)
  2 giant cockroaches
  2 goblins
  2 hobgoblins
  3 jackals (Sewer)
  2 kobolds
  A quokka (D:4)
  4 ball pythons
  A frilled lizard (D:2)
  A rat (D:2)
30 creatures vanquished.

Notes
Turn   | Place    | Note
-------+----------+-------------------------------------------
     0 | D:1      | Nonny the Minotaur Cinder Acolyte began the quest for the
                  | Orb.
     0 | D:1      | Reached XP level 1. HP: 19/19 MP: 1/1
   112 | D:2      | Reached XP level 2. HP: 24/27 MP: 2/2
   434 | D:2      | You fall into a shaft and drop 2 floors!
   487 | D:4      | Found a shimmering altar of Xom.
   488 | D:4      | Found a hazy altar of Hepliaklqana.
   489 | D:4      | Noticed a spectral ugly thing
   501 | D:4      | Noticed a howler monkey
   516 | D:4      | Killed a howler monkey
   517 | D:4      | Reached skill level 1 in Armour
   517 | D:4      | Reached XP level 3. HP: 15/34 MP: 3/3
   598 | D:4      | Noticed Natasha
   605 | D:4      | Killed Natasha
   606 | D:4      | Reached skill level 5 in Long Blades
   606 | D:4      | Reached XP level 4. HP: 31/41 MP: 4/4
   682 | D:4      | Noticed Eustachio
   762 | D:3      | Found a faded altar of an unknown god.
   860 | D:3      | Sewer in northwest, I figure.
   866 | D:3      | Found a glowing drain.
   875 | Sewer    | Entered a sewer
   927 | Sewer    | Noticed Pargi
   939 | Sewer    | Killed Pargi
   940 | Sewer    | Reached skill level 5 in Fighting
   940 | Sewer    | Reached XP level 5. HP: 31/48 MP: 5/5
  1088 | D:3      | Found a burning altar of Makhleb.
  1093 | D:3      | Found a glowing silver altar of Zin.
  1093 | D:3      | Noticed an angel
  1094 | D:3      | Noticed an Executioner
  1130 | D:3      | HP: 1/48 [acid (5)]
  1130 | D:3      | Slain by a jelly

Illustrated notes

#####
#.@.##
#~#..#
#~##.# #~
#.# #S #.#
#~ #.#
#~##.######
#~#.......#
#.).....#


Turn 860 on D:3: Sewer in northwest, I figure.

Levels and vault maps discovered:
D:1:      nzn_arrival_crosshair, layout_loops_ring, serial_bayou_ford_a,
          minmay_misc_feat_iff, grunt_decor_clamped, corner_web_ring,
          minivault_5, chequers_serial_rivers_small_b, kennysheep_nondescript,
          minmay_box_of_dots
D:2:      layout_basic, moated_statue, kennysheep_jessica_study,
          uniq_crazy_yiuf_cottage
D:3:      layout_basic, grunt_temple_overflow_order_and_chaos_2,
          mainiacjoe_overflow_six_doors_small, general_overflow_altar,
          ebering_ecumenical_altar_hall, portal_sewer_entry_d
D:4:      layout_cave_pools, regret_index_temple_of_mockery, uniq_blork_the_orc,
          uniq_eustachio, uniq_natasha, uniq_pikel

Skill      XL: |  1  2  3  4 |
---------------+-------------+-----
Fighting       | 4 5 |  5.2
Long Blades    | 4 5 |  5.8
Armour         | 1 2 |  2.8
Throwing       | |  0.1
Spellcasting   | |  1.0
Fire Magic     | |  2.1

Action                     |  1- 3 |  4- 6 || total
---------------------------+-------+-------++-------
  Melee: Falchion          |    51 |    55 ||   106
         Headbutt          |     4 |     7 ||    11
  Throw: Boomerang         |       |     1 ||     1
 Invoke: Fiery Armour      |       |     1 ||     1
    Use: Scroll            |     3 |     2 ||     5
 Armour: Scale mail        |    19 |    27 ||    46
  Dodge: Dodged            |    23 |    27 ||    50
